 Dungeon Crawl Stone Soup version 0.28-b1-25-g9875b3fc8c (console) character file.

Game seed: 2418573486253324937

95 syban the Digger (level 4, -4/35 HPs)
             Began as a Palentonga Earth Elementalist on Jan 31, 2022.
             Slain by an iguana (10 damage)
             ... on level 4 of the Dungeon.
             The game lasted 00:03:44 (2651 turns).

syban the Digger (Palentonga Earth Elementalist)    Turns: 2651, Time: 00:03:44

Health: -4/35      AC:  4    Str: 13    XL:     4   Next: 40%
Magic:  0/7        EV: 10    Int: 15    God:
Gold:   82         SH:  0    Dex: 11    Spells: 6/7 levels left

rFire   . . .      SeeInvis +   j - +2 whip (flame)
rCold   . . .      Faith    .   (no shield)
rNeg    + . .      Spirit   .   b - +0 robe
rPois   .          Reflect  .   (no helmet)
rElec   .          Harm     .   (no cloak)
rCorr   .          Rampage  .   (no gloves)
Will    .....                   (no barding)
Stlth   ++........              (no amulet)
HPRegen 0.11/turn               g - ring of positive energy
MPRegen 0.10/turn               (no ring)

@: very slightly contaminated
A: large, rugged brown scales 3, see invisible, deformed body, roll 1, armoured
tail
a: Rolling Charge


You were on level 4 of the Dungeon.
You visited 1 branch of the dungeon, and saw 4 of its levels.

You collected 82 gold pieces.

Inventory:

Hand Weapons
 f - a +0 short sword
 j - a +2 whip of flaming (weapon)
Missiles
 c - 61 stones
 k - 2 throwing nets
Armour
 b - a +0 robe (worn)
Jewellery
 g - a ring of positive energy (left hand)
Scrolls
 a - 2 scrolls of identify
 d - a scroll of magic mapping


   Skills:
 * Level 1.7 Fighting
 * Level 1.3 Armour
 * Level 2.8 Dodging
 - Level 1.2 Stealth
 - Level 2.0 Spellcasting
 - Level 1.0 Transmutations
 - Level 3.0 Earth Magic


You had 6 spell levels left.
You knew the following spells:

 Your Spells              Type           Power      Damage    Failure   Level
a - Sandblast             Erth           20%        2d7       6%          1

Your spell library contained the following spells:

 Spells                   Type           Power      Damage    Failure   Level
 Passwall                 Tmut/Erth      5%         N/A       14%         2
 Summon Small Mammal      Summ           4%         N/A       22%         1
 Stone Arrow              Conj/Erth      12%        3d7       34%         3
 Call Canine Familiar     Summ           1%         N/A       54%         3
 Summon Guardian Golem    Hex/Summ       1%         N/A       54%         3
 Petrify                  Tmut/Erth      7%         N/A       67%         4


Dungeon Overview and Level Annotations

Branches:
Dungeon (4/15)
 Temple: D:4-7

Altars:
Uskayaw


Innate Abilities, Weirdness & Mutations

You are completely covered in rugged brown scales. (AC +3, +7% HP)
You have supernaturally acute eyesight. (SInv)
Armour fits poorly on your strangely shaped body.
You can roll at nearby foes to attack.
You have a long armoured tail.


Message History

The iguana bites you!
Casting: Sandblast (safe; 6% risk of failure)
Confirm with . or Enter, or press ? or * to list all spells.
Aiming: Sandblast (safe; 6% risk of failure)
Press: ? - help, Shift-Dir - straight line, f/p - iguana
Aim: an iguana (heavily wounded, 82% to hit)
The blast of sand hits the iguana.
The iguana is heavily wounded.
c - 63 stones The iguana barely misses you.
Casting: Sandblast (safe; 6% risk of failure)
Confirm with . or Enter, or press ? or * to list all spells.
Aiming: Sandblast (safe; 6% risk of failure)
Press: ? - help, Shift-Dir - straight line, f/p - iguana
Aim: an iguana (heavily wounded, 82% to hit)
The blast of sand hits the iguana.
The iguana is severely wounded.
c - 62 stones The iguana barely misses you.
Casting: Sandblast (safe; 6% risk of failure)
Confirm with . or Enter, or press ? or * to list all spells.
Aiming: Sandblast (safe; 6% risk of failure)
Press: ? - help, Shift-Dir - straight line, f/p - iguana
Aim: an iguana (severely wounded, 82% to hit)
The blast of sand hits the iguana but does no damage.
The iguana is severely wounded.
c - 61 stones The iguana bites you!
Casting: Sandblast (safe; 6% risk of failure)
Confirm with . or Enter, or press ? or * to list all spells.
Aiming: Sandblast (safe; 6% risk of failure)
Press: ? - help, Shift-Dir - straight line, f/p - iguana
Aim: an iguana (severely wounded, 82% to hit)
You miscast Sandblast.
Nothing appears to happen.
The iguana bites you!
* * * LOW HITPOINT WARNING * * *
Unknown command.
You barely miss the iguana.
The iguana is severely wounded.
The iguana bites you!
You die...

**,,,,,,,,,,,,,,**,*********,,,**
,+,,,,,,,.........,,...,,,,+,,,,,
,*,,,,,,,.........,,..#*****,,,,*
,*******,........#*...# *,,,,*
,*,,,,**,........#,...******,,,,*
,*,,,,**,........#...,**,,,*,,,,*
,*,,,,,,,........#.####*,,,,,,,,,
>+,,,,,,,.....)..l..$.#*,,,,,,,,,
**,,,,,*,,,,,,#)@#,**,,*,,,,,,,,,
*,,,,,*,,,,*,#<)#,***,*,,,,,,,,,
*,***,*,,,,*,##.#,***,,,,,,,,,,,
*,* *,*,,,,*,,..#,**,,,,,,,,,,,,
*,* *,*,***,,,...,**,,,,,*,,,,,,
**,* *,*,,,,,,.....**,,,,,,,,,,,,
,,,* *,*****,,....##*,,,,,,,,,,,,
,,,***,* *,,,......,+,,,,,,,,,,,,
,,,,,,,* *,*****###**,,,,,,,,,,,,


You could see an iguana.

Vanquished Creatures
  2 gnolls (D:4)
  3 adders (D:2)
  2 bats
  4 endoplasms (D:2)
  3 giant cockroaches
  2 goblins
  5 hobgoblins
  3 kobolds
  A ball python (D:3)
  2 frilled lizards (D:2)
  3 rats (D:2)
30 creatures vanquished.

Vanquished Creatures (collateral kills)
  2 gnolls (D:4)
2 creatures vanquished.

Grand Total: 32 creatures vanquished

Notes
Turn   | Place    | Note
-------+----------+-------------------------------------------
     0 | D:1      | syban the Palentonga Earth Elementalist began the quest for
                  | the Orb.
     0 | D:1      | Reached XP level 1. HP: 13/13 MP: 3/3
   431 | D:1      | You fall into a shaft and drop 1 floor!
   440 | D:2      | Reached skill level 3 in Earth Magic
   440 | D:2      | Reached XP level 2. HP: 21/21 MP: 0/5
  1333 | D:2      | Reached skill level 1 in Fighting
  1333 | D:2      | Reached XP level 3. HP: 18/27 MP: 6/6
  1466 | D:2      | Reached skill level 1 in Armour
  1598 | D:2      | Found a hide-covered altar of Uskayaw.
  2360 | D:4      | Reached XP level 4. HP: 4/34 MP: 7/7
  2651 | D:4      | Slain by an iguana

Illustrated notes

Levels and vault maps discovered:
D:1:      tarquinn_simple_flora_water_f, layout_basic
D:2:      layout_loops_ring, basic_altar, minmay_tree_intersection,
          kennysheep_generic_room_2
D:3:      layout_basic, nrook_uturn, uniq_terence
D:4:      layout_basic

Skill      XL: |  1  2  3 |
---------------+----------+-----
Earth Magic    | 3 |  3.0
Fighting       | 1 |  1.7
Dodging        | 2 |  2.8
Armour         | 1 |  1.3
Stealth        | |  1.2
Spellcasting   | |  2.0
Transmutations | |  1.0

Action                   |  1- 3 |  4- 6 || total
-------------------------+-------+-------++-------
Melee: Unarmed           |    33 |       ||    33
       Tailslap          |    10 |       ||    10
       Short sword       |    33 |       ||    33
       Whip              |    24 |     2 ||    26
 Cast: Sandblast         |     9 |     5 ||    14
  Use: Scroll            |     3 |     1 ||     4
       Potion            |     1 |       ||     1
 Stab: Sleeping          |     5 |       ||     5
Armor: Robe              |    25 |       ||    25
       Skin              |    29 |     3 ||    32
Dodge: Dodged            |    33 |     3 ||    36
